AoeStats
← NPG | Shimishi Maki

African Clearing

505770691Analyzed
4v4 RM · 21d ago on Sep 11, 2026· 61m 11s· 8 players
Game mode
Random Map
Map size
Large (8 player)
Population
200
Speed
Normal
Resources
Standard
Victory
Conquest
Starting age
Dark Age
Ending age
Imperial Age
RankedLock teamsTeams togetherTeam positionsShared explorationLock speedFull tech treeHidden civsTurbo modeCheats
Victory
Defeat
🇲🇽 Ethiopians · Mexico
1522
+18
🇺🇸 Vietnamese · United States
1517
+18
🇺🇸 Hindustanis · United States
1477
+19
🇲🇽 Mongols · Mexico
1476
+19
🇨🇱 Persians · Chile
1706
-25
🇨🇱 Wu · Chile
1548
-18
🇨🇱 Dravidians · Chile
1498
-16
🇦🇷 Inca · Argentina
1478
-15
Dwarf king
7:54 Loom
14:44 Feudal Age
19:28 Castle Age
17:33 Fishing Lines
18:45 Double-Bit Axe
18:55 Stone Mining
20:31 Bow Saw
20:16 Gillnets
21:59 Gold Mining
25:44 Fletching
27:06 Bodkin Arrow
27:11 Padded Archer Armor
27:37 Horse Collar
28:34 Stone Shaft Mining
28:59 Leather Archer Armor
29:07 Ballistics
34:04 Wheelbarrow
37:19 Imperial Age
35:20 Hand Cart
35:03 Treadmill Crane
37:35 Squires
37:41 Thumb Ring
37:20 Elite Rattan Archer
38:22 Bracer
39:53 Chemistry
38:36 Pikeman
40:02 Ring Archer Armor
40:39 Two-Man Saw
40:31 Paper Money
40:51 Chatras
40:58 Chatras
43:53 Elite Skirmisher
44:57 Halberdier
49:04 Siege Engineers
49:35 Chatras
49:51 Scale Barding Armor
49:57 Forging
49:34 Town Watch
50:59 Hoardings
50:35 Bloodlines
52:06 Husbandry
51:27 Elite Battle Elephant
53:54 Chain Barding Armor
57:06 Plate Barding Armor
57:06 Iron Casting
56:54 Light Cavalry
60:44 Caravan
Josh
12:04 Loom
14:01 Feudal Age
14:55 Double-Bit Axe
14:59 Fishing Lines
16:25 Stone Mining
18:49 Castle Age
18:58 Gold Mining
19:41 Gillnets
20:10 Bow Saw
24:53 Wheelbarrow
25:04 Wheelbarrow
24:14 Town Watch
27:19 Hand Cart
28:28 Stone Shaft Mining
27:43 Horse Collar
29:36 Gold Shaft Mining
30:09 Royal Heirs
30:40 Scale Mail Armor
30:52 Forging
31:42 Chain Mail Armor
35:12 Imperial Age
33:17 Squires
33:03 Arson
33:55 Iron Casting
34:06 Heavy Plow
36:28 Plate Mail Armor
35:20 Elite Shotel Warrior
36:20 Conscription
38:01 Blast Furnace
36:30 Halberdier
39:27 Capped Ram
40:59 Siege Ram
41:44 Torsion Engines
42:51 Heavy Camel Rider
43:31 Husbandry
43:24 Fletching
50:06 Heavy Scorpion
53:13 Ballistics
53:54 Chemistry
53:00 Siege Engineers
54:17 Bodkin Arrow
54:22 Padded Archer Armor
56:33 Bracer
56:48 Leather Archer Armor
56:28 Light Cavalry
58:42 Hussar
59:58 Scale Barding Armor
61:50 Chain Barding Armor
[DH]Howl Jenkins
8:54 Loom
10:49 Feudal Age
12:57 Loom
15:36 Forging
21:41 Castle Age
20:05 Fletching
20:11 Double-Bit Axe
20:30 Stone Mining
20:49 Gold Mining
21:28 Fletching
22:19 Scale Barding Armor
25:47 Bodkin Arrow
28:17 Wheelbarrow
30:21 Ballistics
33:07 Bloodlines
37:21 Horse Collar
38:31 Padded Archer Armor
42:09 Thumb Ring
45:09 Imperial Age
45:57 Bow Saw
48:36 Bracer
50:39 Chemistry
49:45 Husbandry
61:14 Town Watch
UBERstrats
6:06 Loom
11:43 Feudal Age
13:31 Double-Bit Axe
15:02 Town Watch
17:56 Castle Age
17:48 Scale Barding Armor
18:22 Bloodlines
23:01 Chain Barding Armor
24:57 Forging
25:04 Horse Collar
27:04 Iron Casting
28:48 Husbandry
30:23 Wheelbarrow
32:30 Hand Cart
32:52 Bow Saw
33:15 Heavy Plow
40:42 Imperial Age
40:35 Fletching
40:48 Gold Mining
41:16 Bodkin Arrow
41:44 Ballistics
41:35 Masonry
48:32 Scale Mail Armor
48:37 Murder Holes
48:54 Fortified Wall
51:30 Imperial Age
51:24 Padded Archer Armor
51:39 Chain Mail Armor
52:58 Plate Barding Armor
53:25 Blast Furnace
51:48 Heavy Camel Rider
54:16 Gold Shaft Mining
53:33 Stone Mining
53:45 Imperial Camel Rider
55:51 Conscription
56:32 Bracer
56:48 Leather Archer Armor
57:36 Coinage
59:32 Banking
60:18 Town Patrol
NPG | DR@CA
12:07 Loom
13:53 Feudal Age
14:47 Double-Bit Axe
15:26 Gold Mining
18:56 Castle Age
19:02 Castle Age
16:44 Horse Collar
19:59 Fletching
20:45 Bow Saw
21:12 Husbandry
21:55 Bodkin Arrow
22:58 Padded Archer Armor
27:39 Town Watch
29:07 Wheelbarrow
36:08 Ballistics
39:49 Imperial Age
37:39 Hand Cart
37:39 Heavy Plow
41:38 Chemistry
40:18 Elite Skirmisher
40:22 Crossbowman
41:41 Conscription
41:05 Arbalester
42:35 Bracer
44:03 Treadmill Crane
45:29 Elite Skirmisher
46:42 Leather Archer Armor
46:49 Sitting Tiger
48:59 Scale Barding Armor
48:57 Stone Mining
50:45 Two-Man Saw
50:53 Masonry
54:06 Murder Holes
55:11 Forging
59:18 Iron Casting
BrøweN
12:33 Feudal Age
17:05 Loom
20:18 Castle Age
22:23 Horse Collar
23:02 Town Watch
26:19 Wheelbarrow
27:13 Padded Archer Armor
27:43 Fletching
30:46 Gold Mining
37:20 Imperial Age
36:26 Bodkin Arrow
36:47 Leather Archer Armor
39:58 Conscription
41:46 Bracer
42:13 Elite Skirmisher
48:05 Double-Bit Axe
49:06 Thumb Ring
49:23 Thumb Ring
50:06 Elite Elephant Archer
58:12 Chemistry
57:51 Ring Archer Armor
NPG | Shimishi Maki
11:45 Loom
13:33 Feudal Age
14:53 Double-Bit Axe
14:50 Horse Collar
17:40 Castle Age
18:32 Bow Saw
23:28 Wheelbarrow
22:43 Town Watch
24:25 Scale Barding Armor
24:39 Gold Mining
25:17 Bloodlines
25:30 Husbandry
26:30 Chain Barding Armor
28:45 Gold Shaft Mining
31:02 Heavy Plow
35:11 Imperial Age
33:53 Forging
35:15 Hand Cart
36:08 Plate Barding Armor
34:54 Cavalier
36:31 Iron Casting
36:38 Savar
37:18 Stone Mining
37:19 Fletching
37:41 Masonry
38:22 Ballistics
39:40 Blast Furnace
38:59 Bodkin Arrow
39:05 Padded Archer Armor
39:51 Conscription
40:56 Chemistry
41:24 Leather Archer Armor
42:39 Kamandaran
42:08 Light Cavalry
42:23 Crossbowman
43:31 Bodkin Arrow
43:58 Thumb Ring
45:38 Ring Archer Armor
45:48 Hussar
Casitas Voy
11:58 Feudal Age
11:28 Loom
13:13 Feudal Age
17:17 Castle Age
15:42 Double-Bit Axe
19:42 Bow Saw
20:31 Horse Collar
23:12 Town Watch
24:04 Wheelbarrow
24:14 Fletching
26:20 Bodkin Arrow
34:57 Imperial Age
33:11 Hand Cart
33:20 Scale Mail Armor
33:18 Gold Mining
34:38 Chain Mail Armor
34:25 Squires
34:54 Forging
36:30 Plate Mail Armor
36:06 Heavy Plow
36:06 Arson
36:27 Elite Kamayuk
38:26 Iron Casting
40:21 Blast Furnace
39:22 Bracer
40:14 Fabric Shields
40:37 Conscription
40:49 Crop Rotation
40:31 Masonry
41:22 Chemistry
42:11 Ballistics
41:32 Treadmill Crane
41:57 Siege Engineers
42:39 Padded Archer Armor
43:52 Hoardings
45:54 Guard Tower
45:49 Arrowslits
47:54 Keep
46:56 Capped Ram
48:32 Siege Ram
49:44 Leather Archer Armor
51:29 Coinage
51:09 Guilds
54:34 Ring Archer Armor
54:03 Murder Holes
Connection lost

Rejoining the realm…

Still unreachable

The connection could not be restored.

Session expired

The server has moved on; the page needs a fresh start.